 Dungeon Crawl Stone Soup version 0.26-a0-651-gb41185065b (webtiles) character file.

Game seed: 10869597267979132940

153 Flugslaktarn the Shield-Bearer (level 5, -2/50 HPs)
             Began as a Deep Dwarf Fighter on Oct 7, 2020.
             Slain by an ogre
             ... wielding a +0 giant club
              (20 damage)
             ... on level 4 of the Dungeon.
             The game lasted 00:00:24 (479 turns).

Flugslaktarn the Shield-Bearer (Deep Dwarf Fighter)  Turns: 479, Time: 00:00:25

Health: -2/50      AC:  7    Str: 20    XL:     5   Next: 12%
Magic:  3/3        EV:  7    Int:  8    God:
Gold:   26         SH:  9    Dex: 13    Spells: 4/4 levels left

rFire    . . .     SeeInvis .   a - +0 war axe
rCold    . . .     Faith    .   c - +0 kite shield
rNeg     . . .     Spirit   .   b - +0 scale mail
rPois    .         Reflect  .   (no helmet)
rElec    .         Harm     .   (no cloak)
rCorr    .         Rampage  .   (no gloves)
MR       .....                  (no boots)
Stlth    ..........             (no amulet)
HPRegen  0.00/turn              (no ring)
MPRegen  0.08/turn              (no ring)

@: non-regenerating
A: damage resistance, heal wounds, sense surroundings 1, no regeneration
a: Heal Wounds


You were on level 4 of the Dungeon.
You visited 1 branch of the dungeon, and saw 4 of its levels.

You collected 26 gold pieces.

Inventory:

Hand Weapons
 a - a +0 war axe (weapon)
Armour
 b - a +0 scale mail (worn)
 c - a +0 kite shield (worn)
Scrolls
 e - 2 scrolls of teleportation {unknown}
 f - 2 scrolls of identify {unknown}
 g - a scroll of enchant armour {unknown}
 i - a scroll of fog {unknown}
Potions
 d - a potion of might
 h - a potion of heal wounds {unknown}
 j - a potion of mutation {unknown}


   Skills:
 * Level 3.7 Fighting
 * Level 3.8 Axes
 + Level 4.0 Armour
 + Level 4.0 Shields


You had 4 spell levels left.
You didn't know any spells.
Your spell library was empty.

Dungeon Overview and Level Annotations

Branches:
Dungeon (4/15)
 Temple: D:4-7

Altars:

Shops:
D:4 (


Innate Abilities, Weirdness & Mutations

You are resistant to damage.
You can heal yourself by infusing magical energy.
You passively map a small area around you.
You do not regenerate.


Message History

You feel much better.
The ogre hits you with a +0 giant club!!
Ouch! That really hurt!
* * * LOW HITPOINT WARNING * * *
You are too injured to fight recklessly!
You are too injured to fight recklessly!
You are too injured to fight recklessly!
You are too injured to fight recklessly!
You are too injured to fight recklessly!
You feel much better. The ogre completely misses you.
Your magical essence is drained by the effort!
You feel much better. The ogre barely misses you.
You barely miss the ogre.
The ogre is heavily wounded.
The ogre hits you with a +0 giant club!!
Ouch! That really hurt!
You slash the ogre!
The ogre is almost dead.
The ogre hits you with a +0 giant club!!
You die...

, , , * * #.. , ,
, #..# ,, ##*, *
**,...# #.. ,,
##..##.. , *
##...)... ,,,* ,
, #....... ,,[# *
,#..)...####...##
#......'@O......
##.....#########
, #............ ,
,
#########........
* + *
........#........
* ###'#........,
* #............
#............,
#∩...........


You could see an ogre.

Vanquished Creatures
  A bullfrog skeleton (D:4)
  An orc priest (D:4)
  An orc wizard (D:4)
  4 adders
  A leopard gecko (D:1)
  3 orcs (D:4)
  A giant cockroach (D:2)
  3 goblins
  A hobgoblin (D:1)
  4 jackals (D:2)
  A kobold (D:2)
  A quokka (D:3)
  A ball python (D:4)
  2 bats
  A frilled lizard (D:1)
26 creatures vanquished.

Notes
Turn   | Place    | Note
-------+----------+-------------------------------------------
     0 | D:1      | Flugslaktarn the Deep Dwarf Fighter began the quest for the
                  | Orb.
     0 | D:1      | Reached XP level 1. HP: 20/20 MP: 1/1
   219 | D:2      | Reached XP level 2. HP: 18/27 MP: 2/2
   247 | D:2      | Reached XP level 3. HP: 34/34 MP: 3/3
   357 | D:4      | Reached XP level 4. HP: 35/42 MP: 4/4
   420 | D:4      | Reached XP level 5. HP: 32/50 MP: 5/5
   443 | D:4      | Found Ciecsi's Weapon Emporium.
   461 | D:4      | Noticed an ogre
   475 | D:4      | HP: 2/50 [ogre/+0 giant club (25)]
   479 | D:4      | Slain by an ogre

Illustrated notes

Levels and vault maps discovered:
D:1:      dpeg_chamrin_arrival_tetris, layout_rooms
D:2:      layout_loops_ring, uniq_sigmund
D:3:      layout_loops_cross
D:4:      layout_basic, marbit_many_paths, serial_shops, shop,
          gammafunk_ghost_abyssal_escape

Skill      XL: |  1  2  3  4 |
---------------+-------------+-----
Fighting       | 3 |  3.7
Axes           | 3 |  3.8
Armour         | 4 |  4.0
Shields        | 4 |  4.0

Action                   |  1- 3 |  4- 6 || total
-------------------------+-------+-------++-------
Melee: War axe           |    65 |    28 ||    93
 Abil: Heal Wounds       |     1 |     5 ||     6
Armor: Scale mail        |    29 |     3 ||    32
Dodge: Dodged            |    30 |     9 ||    39
Block: Kite shield       |    49 |    14 ||    63

Table legend: (Time is in decaauts)
 A = Elapsed time spent in this place.
 B = Non-inter-level travel time spent in this place.
 C = Inter-level travel time spent in this place.
 D = Time resting spent in this place.
 E = Time spent auto-exploring this place.
 F = Levels seen in this place.
 G = Mean time per level.
                   A        B        C        D        E       F      G
               +--------+--------+--------+--------+--------+-----+--------+
         Total |    517 |    498 |     19 |      0 |    317 |   4 |  129.2 |
       Dungeon |    517 |    498 |     19 |      0 |    317 |   4 |  129.2 |
               +--------+--------+--------+--------+--------+-----+--------+

Top non-repeatable levels by time:
     D:1: 170 daAuts
     D:4: 159 daAuts
     D:2: 140 daAuts
     D:3: 47 daAuts
